 Dungeon Crawl Stone Soup version 0.31-a0-435-g2c6fae2916 (webtiles) character file.

Game seed: 13893625329500385307

3948 Ethylacetat the Martial Artist (level 10, -11/56 HPs)
             Began as a Vine Stalker Monk on Aug 1, 2023.
             Mangled by a two-headed ogre
             ... wielding a +0 giant spiked club
              (19 damage)
             ... on level 9 of the Dungeon.
             The game lasted 00:20:56 (5824 turns).

Ethylacetat the Martial Artist (Vine Stalker Monk)  Turns: 5824, Time: 00:20:57

Health: -11/56     AC: 11    Str: 14    XL:     10   Next: 21%
Magic:  0/17       EV: 10    Int: 10    God:
Gold:   510        SH:  0    Dex: 21    Spells: 18/18 levels left

rFire   . . .        C - +7 rapier of Delightful Duty {venom, Will+ SInv}
rCold   + . .        c - orb {light}
rNeg    . . .        w - +2 scale mail {rC+}
rPois   .            (no helmet)
rElec   .            (no cloak)
rCorr   +            (no gloves)
SInv    +            v - +2 pair of boots
Will    +++..        (no amulet) Stlth
                     y - ring of resist corrosion
HPRegen 1.09/turn    H - ring of willpower
MPRegen 0.15/turn

%: guardian spirit
@: glowing, studying Staves
A: fangs 3, regeneration 1, magic shield, antimagic bite, no potion heal 2
a: no special abilities


You were on level 9 of the Dungeon.
You visited 2 branches of the dungeon, and saw 9 of its levels.
You also visited: Sewer.

You collected 510 gold pieces.

Inventory:

Hand Weapons
 C - the +7 rapier of Delightful Duty (weapon) {venom, Will+ SInv}
   (You found it on level 6 of the Dungeon)

   SInv:      It lets you see invisible.
   Will:      It increases your willpower.
Missiles
 i - 3 curare-tipped darts
Armour
 c - an orb of light (worn)
 v - a +2 pair of boots (worn)
 w - a +2 scale mail of cold resistance (worn)
Jewellery
 y - a ring of resist corrosion (left hand)
 H - a ring of willpower (right hand)
Talismans
 D - a granite talisman
Wands
 p - a wand of flame (12)
 x - a wand of charming (8)
 z - a wand of light (3)
Scrolls
 a - a scroll of vulnerability {unknown}
 d - 8 scrolls of teleportation
 g - 3 scrolls of amnesia {unknown}
 h - a scroll of blinking {unknown}
 j - 6 scrolls of identify {unknown}
 k - a scroll of acquirement {unknown}
 n - 2 scrolls of poison {unknown}
 o - 2 scrolls of immolation {unknown}
 q - 3 scrolls of revelation {unknown}
 u - 2 scrolls of fear {unknown}
 F - a scroll of silence {unknown}
Potions
 b - a potion of ambrosia
 e - 2 potions of degeneration {unknown}
 f - a potion of curing {unknown}
 l - 5 potions of heal wounds {unknown}
 m - a potion of berserk rage {unknown}
 r - 3 potions of enlightenment
 s - 2 potions of mutation
 t - a potion of haste {unknown}
 A - 3 potions of invisibility {unknown}
 B - a potion of lignification {unknown}
 E - 3 potions of brilliance {unknown}
 G - a potion of attraction {unknown}


   Skills:
 + Level 8.2 Fighting
 - Level 3.0 Dodging
 + Level 9.0 Unarmed Combat
 - Level 4.6 Spellcasting
 * Level 5.1 Shapeshifting


You had 18 spell levels left.
You didn't know any spells.
Your spell library contained the following spells:

 Spells                   Type           Power      Damage    Failure   Level
 Sandblast                Erth           4%         2d4       73%         1
 Passwall                 Tmut/Erth      1%         N/A       86%         2
 Ignite Poison            Fire/Tmut/Pois 2%         N/A       97%         3
 Stone Arrow              Conj/Erth      4%         3d7       97%         3
 Sticky Flame             Conj/Fire      2%         2d3       100%        4
 Ignition                 Fire           1%         3d3       100%        8


Dungeon Overview and Level Annotations

Branches:
Dungeon (9/15)             Temple (1/1) D:6           Sewer (visited)
   Lair: D:8-11         Orc: D:9-12

Altars:
Ashenzari
Elyvilon
Fedhas
Gozag
Hepliaklqana
Makhleb
Okawaru
Ru
Sif Muna
Trog
Uskayaw
Vehumet
Xom
Yredelemnul
Zin
The Shining One

Shops:
D:5 =(!

Annotations:
D:6 1 runed translucent door
D:8 3 runed translucent doors, confidenceinterval's ghost, novice MiCK; paps's ghost, novice TrBe


Innate Abilities, Weirdness & Mutations

You have razor-sharp teeth.
Your natural rate of healing is unusually fast.
When hurt, damage is shared between your health and your magic reserves.
Your bite disrupts and absorbs the magic of your enemies.
Potions cannot restore your health.


Message History

You puncture the centaur!
You kill the centaur!
Your Unarmed Combat skill increases to level 9!
No target in view!
No target in view!
Magic restored.
Things that are here:
a +0 shortbow; a centaur corpse You open the door.
A two-headed ogre comes into view.
It is wielding a +0 giant spiked club and a +0 giant club.
A two-headed ogre is nearby!
There is an open door here.
The two-headed ogre hits you with a +0 giant spiked club!
The two-headed ogre hits you with a +0 giant club!
You hit the two-headed ogre but do no damage.
The two-headed ogre is poisoned.
Your bite misses the two-headed ogre. The two-headed ogre closely misses you.
The two-headed ogre hits you with a +0 giant club.
You puncture the two-headed ogre!
The two-headed ogre looks as sick as possible!
You bite the two-headed ogre, but do no damage.
The two-headed ogre is moderately wounded.
You completely miss the two-headed ogre.
You bite the two-headed ogre, but do no damage.
The two-headed ogre is moderately wounded.
The two-headed ogre hits you with a +0 giant spiked club!
The two-headed ogre barely misses you.
You hit the two-headed ogre.
The two-headed ogre looks as sick as possible!
You bite the two-headed ogre. You drain its power.
You feel invigorated.
The two-headed ogre is heavily wounded.
The two-headed ogre hits you with a +0 giant spiked club!!
* * * LOW HITPOINT WARNING * * *
The two-headed ogre closely misses you.
You hit the two-headed ogre.
The two-headed ogre looks as sick as possible!
The two-headed ogre is severely wounded.
The two-headed ogre closely misses you.
The two-headed ogre hits you with a +0 giant club!!
You die...

#.....'...#
#..##'##.##
....##8.8#.#
.#####8)8#####
#8.8#.#)#
+...'..##
##8##...#
######'## #@.#
#O.# #..# +.##
###


You could see a two-headed ogre (extremely poisoned).

Vanquished Creatures
  Maggie (D:7)
  5 steam dragons
  2 orc warriors (D:8)
  2 sky beasts
  A black bear (D:6)
  A phantom (D:6)
  2 centaurs
  An ogre (D:5)
  A kobold brigand (D:9)
  2 bullfrogs
  13 scorpions
  3 wights (D:8)
  5 killer bees
  9 howler monkeys
  2 electric eels (D:7)
  2 jellies
  2 orc priests (D:8)
  A hound (D:4)
  Ijyb (D:5)
  A gnoll bouda (D:7)
  An orc wizard (D:7)
  4 gnolls
  3 river rats (Sewer)
  9 adders
  3 white imps
  5 worms (Sewer)
  12 orcs
  3 endoplasms
  7 giant cockroaches
  8 hobgoblins
  6 jackals
  5 quokkas
  11 ball pythons
  13 bats
  4 frilled lizards
  5 goblins
  2 rats (D:5)
  6 butterflies (D:6)
164 creatures vanquished.

Notes
Turn   | Place    | Note
-------+----------+-------------------------------------------
     0 | D:1      | Ethylacetat the Vine Stalker Monk began the quest for the
                  | Orb.
     0 | D:1      | Reached XP level 1. HP: 11/11 MP: 2/2
   424 | D:1      | Reached XP level 2. HP: 16/16 MP: 3/3
   814 | D:2      | Reached XP level 3. HP: 19/20 MP: 4/4
   833 | D:2      | You fall into a shaft and drop 2 floors!
   860 | D:4      | Gained mutation: Your natural rate of healing is unusually
                  | fast. [Vine Stalker growth]
   860 | D:4      | Reached XP level 4. HP: 5/24 MP: 1/5
   957 | D:4      | Reached skill level 1 in Spellcasting
  1043 | D:4      | Reached skill level 4 in Unarmed Combat
  1043 | D:4      | Reached XP level 5. HP: 27/29 MP: 5/7
  1174 | D:4      | Found a burning altar of Makhleb.
  1272 | D:4      | Found a glowing golden altar of the Shining One.
  1364 | D:5      | Entered Level 5 of the Dungeon
  1475 | D:5      | Found a blossoming altar of Fedhas.
  1528 | D:5      | Reached XP level 6. HP: 25/33 MP: 5/9
  1536 | D:5      | Found a glowing drain.
  1545 | Sewer    | Entered a sewer
  1759 | Sewer    | Identified the +1 pair of boots "Iriurghu" {rPois rC- rN+}
  2245 | D:5      | Reached skill level 5 in Unarmed Combat
  2270 | D:5      | Found Bemeq's Distillery.
  2288 | D:5      | Reached XP level 7. HP: 38/38 MP: 11/11
  2308 | D:5      | Found Siejuon's Jewellery Emporium.
  2327 | D:5      | Found Uqeosuun's Weapon Shop.
  2379 | D:5      | Noticed Ijyb
  2415 | D:5      | Killed Ijyb
  2713 | D:5      | Noticed a steam dragon
  2736 | D:5      | Killed a steam dragon
  2737 | D:5      | Reached skill level 5 in Fighting
  2824 | D:5      | Found a basalt altar of Yredelemnul.
  2952 | D:5      | Found a hide-covered altar of Uskayaw.
  3047 | D:6      | Found a staircase to the Ecumenical Temple.
  3052 | D:6      | Reached skill level 6 in Unarmed Combat
  3068 | D:6      | Gained mutation: You have razor-sharp teeth. [Vine Stalker
                  | growth]
  3068 | D:6      | Reached XP level 8. HP: 36/44 MP: 11/13
  3076 | Temple   | Entered the Ecumenical Temple
  3330 | D:6      | Found a runed translucent door.
  3331 | D:6      | Identified the +7 rapier of Delightful Duty {venom, Will+
                  | SInv}
  3336 | D:6      | Found a runed translucent door.
  3340 | D:6      | Reached skill level 7 in Unarmed Combat
  3401 | D:6      | Reached XP level 9. HP: 49/49 MP: 16/16
  3550 | D:6      | Found an opulent altar of Gozag.
  3601 | D:6      | Found a glowing silver altar of Zin.
  4153 | D:7      | Reached skill level 1 in Shapeshifting
  4193 | D:7      | Found a radiant altar of Vehumet.
  4284 | D:7      | Noticed Maggie
  4295 | D:7      | Killed Maggie
  4296 | D:7      | Reached skill level 8 in Unarmed Combat
  4970 | D:8      | Found a runed translucent gate.
  4970 | D:8      | Found a runed translucent gate.
  4970 | D:8      | Found a runed translucent gate.
  4971 | D:8      | Noticed confidenceinterval's ghost (novice MiCK)
  4971 | D:8      | Noticed paps's ghost (novice TrBe)
  5204 | D:8      | Identified the +1 robe "Fiul" {+Inv SInv}
  5242 | D:8      | Reached XP level 10. HP: 42/56 MP: 12/17
  5647 | D:8      | Reached skill level 5 in Shapeshifting
  5789 | D:9      | Reached skill level 9 in Unarmed Combat
  5817 | D:9      | Noticed a two-headed ogre
  5824 | D:9      | Mangled by a two-headed ogre

Illustrated notes

Levels and vault maps discovered:
D:1:      lemuel_arrival_broad_hall, layout_loops_ring
D:2:      layout_loops_ring, minmay_pentomino_t4, uniq_natasha
D:4:      layout_rooms, mainiacjoe_overflow_tiny_flanked,
          lemuel_coloured_pillars_altar
D:5:      layout_loops_cross, kennysheep_mini_moat,
          mainiacjoe_overflow_alcove_1, marbit_many_paths, serial_shops, shop,
          gup_sewer_entry_bubbles, nicolae_wooded_promenade, uniq_ijyb
D:6:      lemuel_insect_pit, layout_loops_ring,
          pdpol_temple_overflow_zin_treasury_gozag_greed,
          minmay_temple_entry_statues_pillars
D:7:      layout_cave_pools, vehumet_crystals, water_maze_lemuel, uniq_maggie
D:8:      minmay_goldmine, layout_basic, gammafunk_ghost_cemetery
D:9:      minmay_chambers_of_sevens, layout_stronghold,
          nicolae_dithmenos_through_a_glass_darkly
Temple:   hellmonk_temple_micro_hex

Skill      XL: |  1  2  3  4  5  6  7  8  9 10 |
---------------+-------------------------------+-----
Fighting       | 3 4 5 6 7 8 |  8.2
Dodging        | 3 |  3.0
Spellcasting   | 1 2 3 4 |  4.6
Unarmed Combat | 4 5 6 7 8 9 |  9.0
Shapeshifting  | 4 5 |  5.1

Action                     |  1- 3 |  4- 6 |  7- 9 | 10-12 || total
---------------------------+-------+-------+-------+-------++-------
  Melee: Unarmed           |    63 |   200 |   116 |       ||   379
         Bite              |    22 |    61 |   108 |    24 ||   215
         Rapier            |       |       |   122 |    44 ||   166
  Evoke: Wand              |       |       |     2 |       ||     2
    Use: Potion            |       |       |     2 |       ||     2
   Stab: Invisible         |       |       |     1 |       ||     1
 Armour: Robe              |    14 |    49 |     7 |       ||    70
         Scale mail        |       |       |   126 |    15 ||   141
  Dodge: Dodged            |    37 |   160 |   139 |    18 ||   354
         Form:             |       |       |     1 |       ||     1
         Statue            |       |       |     1 |       ||     1

Table legend: (Time is in decaauts)
 A = Elapsed time spent in this place.
 B = Non-inter-level travel time spent in this place.
 C = Inter-level travel time spent in this place.
 D = Time resting spent in this place.
 E = Time spent auto-exploring this place.
 F = Levels seen in this place.
 G = Mean time per level.
                   A        B        C        D        E       F      G
               +--------+--------+--------+--------+--------+-----+--------+
         Total |   6002 |   5821 |    181 |    169 |   4270 |  10 |  600.2 |
       Dungeon |   5212 |   5031 |    181 |    159 |   3741 |   8 |  651.5 |
        Temple |      4 |      4 |      0 |      0 |      0 |   1 |    4.0 |
         Sewer |    785 |    785 |      0 |     10 |    529 |   1 |  785.0 |
               +--------+--------+--------+--------+--------+-----+--------+

Top non-repeatable levels by time:
     D:6: 1072 daAuts
     D:5: 1024 daAuts
     D:8: 968 daAuts
   Sewer: 785 daAuts
     D:1: 696 daAuts
     D:7: 688 daAuts
     D:4: 527 daAuts
     D:2: 132 daAuts
     D:9: 103 daAuts
  Temple: 4 daAuts
